 Dungeon Crawl Stone Soup version 0.32-a0-931-g5a2cda0630 (webtiles) character file.

Game seed: 4083386444203891609

26604 jasper the Bludgeoner (level 12, -21/162 HPs)
             Began as a Mountain Dwarf Fighter on Apr 13, 2024.
             Was a High Priest of Okawaru.
             Demolished by an ettin
             ... wielding a +0 great mace
              (31 damage)
             ... on level 1 of the Orcish Mines.
             The game lasted 00:31:49 (16228 turns).

jasper the Bludgeoner (Mountain Dwarf Fighter)     Turns: 16228, Time: 00:31:49

Health: -21/162    AC: 21    Str: 21    XL:     12   Next: 99%
Magic:  14/18      EV:  9    Int: 10    God:    Okawaru [*****.]
Gold:   290        SH: 11    Dex: 11    Spells: 11/11 levels left

rFire   + . .        w - +0 morningstar
rCold   + . .        A - +0 kite shield
rNeg    + . .        l - +3 pearl dragon scales
rPois   .            J - +0 mask of the Dragon {Will+ Slay+3 SInv}
rElec   .            (no cloak)
rCorr   .            d - +2 pair of gloves of an ossuary {Regen+}
SInv    +            C - +0 pair of boots
Will    +++..        V - amulet of faith Stlth
                     i - ring of Ygurimud {rC+ Will+ SInv}
HPRegen 1.27/turn    B - ring of protection from fire
MPRegen 0.16/turn

%: faith
@: berserking, very quick
A: runic magic, artefact enchanting
a: Renounce Religion, Heroism, Finesse, Duel


You were on level 1 of the Orcish Mines.
You worshipped Okawaru.
Okawaru was extremely pleased with you.
You visited 4 branches of the dungeon, and saw 18 of its levels.

You collected 868 gold pieces.
You spent 567 gold pieces at shops.
You donated 11 gold pieces to Zin.

Inventory:

Hand Weapons
 a - a +1 flail of protection
 b - a +2 spear of venom
 w - a +0 morningstar (weapon)
 x - a +0 whip
Missiles
 c - 2 curare-tipped darts
 g - 85 stones (quivered)
 q - a throwing net
 t - 15 boomerangs
 u - 6 javelins
Armour
 d - the +2 pair of gloves of an ossuary (worn) {Regen+}
   (You acquired it on level 3 of the Dungeon)

   Regen+:    It increases your rate of health regeneration.
 l - +3 pearl dragon scales (worn)
 A - a +0 kite shield (worn)
 C - a +0 pair of boots (worn)
 J - the +0 mask of the Dragon (worn) {Will+ Slay+3 SInv}
   (You bought it in a shop on level 10 of the Dungeon)

   Slay+3:    It affects your accuracy & damage with ranged weapons and melee
   (+3).
   Will+:     It increases your willpower.
   SInv:      It lets you see invisible.
Jewellery
 f - a ring of protection from cold
 i - the ring of Ygurimud (left hand) {rC+ Will+ SInv}
   (You found it on level 10 of the Dungeon)

   [ring of see invisible]

   rC+:       It protects you from cold.
   Will+:     It increases your willpower.
   SInv:      It lets you see invisible.
 z - a ring of resist corrosion
 B - a ring of protection from fire (right hand)
 H - an amulet of magic regeneration
 I - a +6 ring of dexterity
 L - an amulet of guardian spirit
 Q - a ring of ice
 T - a +6 ring of dexterity
 V - an amulet of faith (around neck)
Wands
 p - a wand of polymorph (19)
 K - a wand of paralysis (6)
 N - a wand of flame (9)
 R - a wand of acid (1)
Scrolls
 n - 2 scrolls of brand weapon
 y - 2 scrolls of enchant weapon
 D - 2 scrolls of revelation
 E - 3 scrolls of fog
 S - a scroll of amnesia
 U - a scroll of identify
 W - a scroll of immolation
Potions
 e - a potion of mutation
 h - 3 potions of ambrosia
 j - 3 potions of cancellation
 k - 5 potions of enlightenment
 m - 5 potions of brilliance
 o - 2 potions of magic
 r - 2 potions of lignification
 s - 3 potions of curing
 F - 2 potions of attraction
 G - 4 potions of degeneration
 O - a potion of haste
 P - a potion of resistance


   Skills:
 * Level 10.6 Fighting
 - Level 16.0 Maces & Flails
 + Level 7.8 Armour
 + Level 4.8 Dodging
 - Level 12.0 Shields
 - Level 8.0 Invocations


You had 11 spell levels left.
You didn't know any spells.
Your spell library contained the following spells:

 Spells                   Type           Power      Damage    Failure   Level
 Freeze                   Ice            0%         1d3       65%         1
 Mercury Vapours          Alch/Air       0%         N/A       78%         2
 Frozen Ramparts          Ice            0%         1d1       95%         3
 Hailstorm                Conj/Ice       0%         3d5       95%         3
 Maxwell's Portable Pile  Tloc           0%         2d(5-13)  95%         3
 Mephitic Cloud           Conj/Alch/Air  0%         N/A       95%         3
 Ozocubu's Armour         Ice            0%         N/A       95%         3
 Passwall                 Erth           0%         N/A       95%         3
 Stone Arrow              Conj/Erth      0%         3d7       95%         3
 Volatile Blastmotes      Fire/Tloc      0%         2d10      95%         3
 Ignite Poison            Fire/Alch      0%         N/A       100%        4
 Leda's Liquefaction      Alch/Erth      0%         N/A       100%        4
 Passage of Golubria      Tloc           0%         N/A       100%        4
 Petrify                  Alch/Erth      0%         N/A       100%        4
 Sticky Flame             Fire/Alch      0%         2d4       100%        4
 Vhi's Electric Charge    Tloc/Air       0%         N/A       100%        4
 Arcjolt                  Conj/Air       0%         1d10      100%        5
 Freezing Cloud           Conj/Ice/Air   0%         6-21      100%        5
 Iskenderun's Battlesphe  Conj           0%         2d6       100%        5
 Metabolic Englaciation   Hex/Ice        0%         N/A       100%        5
 Silence                  Hex/Air        0%         N/A       100%        5
 Bombard                  Conj/Erth      0%         9d1       100%        6
 Ignition                 Fire           0%         3d3       100%        8
 Lehudib's Crystal Spear  Conj/Erth      0%         10d2      100%        8
 Maxwell's Capacitive Co  Air            0%         ∞         100%        8
 Animate Armour           Summ/Erth      Unusable   N/A       N/A         4
 Spellforged Servitor     Conj/Summ      Unusable   N/A       N/A         7

Dungeon Overview and Level Annotations

Branches:
Dungeon (14/15)            Temple (1/1) D:7            Lair (2/5) D:9
 Spider (0/4) Lair:2          Orc (1/2) D:11         Vaults (0/5) D:13
  Swamp: Lair:2-3    Shoals: Lair:2-3

Altars:
Ashenzari
Cheibriados
Dithmenos
Elyvilon
Fedhas
Gozag
Hepliaklqana
Kikubaaqudgha
Makhleb
Nemelex Xobeh
Okawaru
Qazlal
Ru
Sif Muna
Trog
Uskayaw
Vehumet
Wu Jian
Xom
Yredelemnul
Zin
The Shining One

Shops:
D:10 *[*

Portals:
Trove: D:12 (give 2 scrolls of acquirement)

Annotations:
D:9 1 runed translucent door, exclusion: door, JoadsterXIII's ghost, novice FoFi


Innate Abilities, Weirdness & Mutations

Your spellcasting is much less encumbered by armour.
You can use scrolls of enchantment on lesser artefacts.


Message History

Health restored: 108 You puncture the warg!
You kill the warg!
Okawaru accepts your kill.
You can now deal lightning-fast blows.
You now have 13/18 mp.
You barely miss the ettin. You hit the ettin but do no damage.
You puncture the ettin!
The ettin is lightly wounded.
The ettin hits you with a +0 great mace!!
The ettin hits you with a +0 dire flail.
You take 33 damage, and have 75/108 hp.
MASSIVE DAMAGE!!
You hit the ettin.
The ettin is moderately wounded.
You puncture the ettin!
The ettin is heavily wounded.
The ettin hits you with a +0 great mace!!
The ettin hits you with a +0 dire flail!!
* * * LOW HITPOINT WARNING * * *
You take 56 damage, and have 19/108 hp.
MASSIVE DAMAGE!!
You completely miss the ettin.
The ettin is heavily wounded.
A red film seems to cover your vision as you go berserk!
Your finesse ends abruptly.
You feel yourself moving faster!
You feel mighty! You block the ettin's attack.
The ettin hits you with a +0 dire flail!
* * * LOW HITPOINT WARNING * * *
You now have 18/162 hp.
You puncture the ettin!
The ettin is heavily wounded.
The ettin barely misses you. You block the ettin's attack.
You puncture the ettin!
The ettin is severely wounded.
You barely miss the ettin.
The ettin is severely wounded.
The ettin hits you with a +0 great mace!
* * * LOW HITPOINT WARNING * * *
The ettin hits you with a +0 dire flail!!
You die...

#. #......#
##.#........ ..
#..$....#.. ..#
#... ....###.###
#...##.........#
#..............$
#..............
#......C...#
##.#....$@...#..
#....<..$.......#
##....#.........#
#......>........
#...#.#..........
##.####..........
## ...........
..$.........
..........#


You could see an ettin.

Vanquished Creatures
  An ironbound thunderhulk (D:13)
  A hydra (D:13)
  4 centaur warriors (D:13)
  3 two-headed ogres
  2 boulder beetles
  A skyshark (Lair:2)
  A deep elf pyromancer (D:12)
  An ugly thing (D:13)
  A manticore (D:9)
  A cyclops (D:12)
  3 black mambas
  Joseph (D:7)
  A gargoyle (D:13)
  3 cane toads
  An unseen horror (D:11)
  A rime drake (Lair:2)
  A freezing wraith (D:13)
  3 komodo dragons
  A queen bee (Lair:2)
  2 trolls
  2 polar bears
  10 slime creatures (D:12)
  3 shadows
  A wraith (D:12)
  A culicivora (Lair:2)
  A vampire (D:13)
  16 yaks
  4 wyverns
  A basilisk (D:12)
  A warg (Orc:1)
  3 humans (D:13)
  4 steam dragons
  Menkaure (D:7)
  3 acid dragons
  2 water moccasins
  Duvessa (D:4)
  2 orc warriors
  3 sky beasts
  13 centaurs
  2 phantoms (D:5)
  6 kobold brigands
  10 bullfrogs
  3 gnoll sergeants
  6 scorpions
  11 wights
  Dowan (D:4)
  9 killer bees
  6 howler monkeys
  2 hounds
  2 bombardier beetles
  2 jellies
  8 orc priests
  3 gnoll boudas
  3 iguanas
  Ijyb (D:3)
  12 orc wizards
  18 gnolls
  11 adders
  A river rat (D:4)
  A shadow imp (D:7)
  2 white imps (D:7)
  2 adder zombies (D:3)
  A dart slug (D:1)
  2 ribbon worms
  36 orcs
  11 bats
  3 endoplasms
  3 giant cockroaches
  10 goblins
  7 hobgoblins
  9 jackals
  5 quokkas
  4 ball pythons
  2 frilled lizards (D:3)
  A jackal zombie (D:3)
  31 kobolds
  7 rats
359 creatures vanquished.

Vanquished Creatures (others)
  2 orc wizards (D:9)
2 creatures vanquished.

Grand Total: 361 creatures vanquished

Notes
Turn   | Place    | Note
-------+----------+-------------------------------------------
     0 | D:1      | jasper the Mountain Dwarf Fighter began the quest for the
                  | Orb.
     0 | D:1      | Reached XP level 1. HP: 19/19 MP: 1/1
   228 | D:1      | Reached skill level 3 in Maces & Flails
   329 | D:1      | Reached XP level 2. HP: 26/26 MP: 2/2
   696 | D:1      | Reached skill level 4 in Maces & Flails
  1310 | D:2      | Reached XP level 3. HP: 31/31 MP: 3/3
  1503 | D:2      | Found a faded altar of an unknown god.
  1514 | D:2      | Prayed at the altar of an unknown god.
  1514 | D:2      | Became a worshipper of Zin the Law-Giver
  1514 | D:2      | Reached * piety under Zin
  1514 | D:2      | Reached ** piety under Zin
  1515 | D:2      | Fell from the grace of Zin
  1887 | D:3      | Found a snail-covered altar of Cheibriados.
  2308 | D:3      | Identified the +6 leather armour of Heupnush {+Blink rN+}
  2340 | D:3      | Reached skill level 5 in Maces & Flails
  2431 | D:3      | Reached XP level 4. HP: 38/38 MP: 4/4
  2440 | D:3      | Found a basalt altar of Yredelemnul.
  2608 | D:3      | Identified a scroll of acquirement
  2608 | D:3      | Acquired the +1 pair of gloves of an ossuary {Regen+}
  2711 | D:3      | Noticed Ijyb
  3045 | D:3      | Reached skill level 6 in Maces & Flails
  3056 | D:2      | Reached XP level 5. HP: 45/45 MP: 5/5
  3096 | D:3      | Killed Ijyb
  3183 | D:3      | Reached skill level 7 in Maces & Flails
  3215 | D:3      | Reached XP level 6. HP: 48/51 MP: 6/6
  3226 | D:3      | Reached skill level 8 in Maces & Flails
  3368 | D:4      | Noticed Duvessa
  3368 | D:4      | Noticed Dowan
  3402 | D:4      | Killed Duvessa
  3403 | D:4      | Reached skill level 9 in Maces & Flails
  3403 | D:4      | Reached XP level 7. HP: 54/57 MP: 7/7
  3412 | D:4      | Killed Dowan
  3943 | D:4      | Reached skill level 10 in Maces & Flails
  4133 | D:4      | Found a hazy altar of Hepliaklqana.
  4142 | D:4      | Found an ornate altar of the Wu Jian Council.
  4268 | D:5      | Entered Level 5 of the Dungeon
  4698 | D:5      | Reached skill level 11 in Maces & Flails
  5019 | D:5      | Reached XP level 8. HP: 63/63 MP: 8/8
  5295 | D:5      | Reached skill level 12 in Maces & Flails
  5963 | D:6      | You fall into a shaft and drop 3 floors!
  6231 | D:6      | Noticed Eustachio
  6249 | D:6      | Eustachio changed into Eustachio the killer bee
  6249 | D:6      | Noticed Eustachio
  6257 | D:6      | Killed Eustachio the killer bee
  6422 | D:6      | Reached skill level 13 in Maces & Flails
  7592 | D:7      | Found a staircase to the Ecumenical Temple.
  7600 | Temple   | Entered the Ecumenical Temple
  7608 | Temple   | Became a worshipper of Warmaster Okawaru
  7632 | D:7      | Noticed Menkaure
  7656 | D:7      | Killed Menkaure
  7657 | D:7      | Reached skill level 14 in Maces & Flails
  7657 | D:7      | Reached XP level 9. HP: 34/70 MP: 9/9
  7717 | D:7      | Noticed Joseph
  7734 | D:7      | Killed Joseph
  7800 | D:7      | Reached * piety under Okawaru
  8064 | D:7      | Reached skill level 15 in Maces & Flails
  8868 | D:8      | Reached skill level 16 in Maces & Flails
  9373 | D:9      | Reached ** piety under Okawaru
  9458 | D:9      | Found a staircase to the Lair.
  9504 | D:9      | Found a runed translucent door.
  9504 | D:9      | Noticed JoadsterXIII's ghost (novice FoFi)
  9542 | D:9      | Reached skill level 5 in Shields
  9563 | D:9      | Reached XP level 10. HP: 53/77 MP: 11/11
  9637 | D:9      | Noticed a manticore
  9658 | D:9      | Killed a manticore
  9658 | D:9      | Reached *** piety under Okawaru
  9980 | D:9      | Found a shimmering blue altar of Sif Muna.
 10246 | D:10     | Entered Level 10 of the Dungeon
 10256 | D:10     | Found a broken altar of Ashenzari.
 10265 | D:10     | Noticed a two-headed ogre
 10266 | D:10     | Found a burning altar of Makhleb.
 10297 | D:10     | Killed a two-headed ogre
 10350 | D:10     | Noticed a two-headed ogre
 10367 | D:10     | Killed a two-headed ogre
 10367 | D:10     | Reached **** piety under Okawaru
 10368 | D:10     | Reached skill level 10 in Shields
 10457 | D:10     | Found Naasamif's Armour Shoppe.
 10465 | D:10     | Bought the +0 mask of the Dragon {Will+ Slay+3 SInv} for
                  | 567 gold pieces
 10465 | D:10     | Found the +0 mask of the Dragon {Will+ Slay+3 SInv}
 10500 | D:10     | Found Hotyja's General Store.
 10537 | D:10     | Found Awuehus's Assorted Antiques.
 10691 | D:10     | Identified the ring of Ygurimud {rC+ Will+ SInv}
 10855 | D:10     | Found a sacrificial altar of Ru.
 10937 | D:11     | Noticed a boulder beetle
 10999 | Lair:1   | Entered Level 1 of the Lair of Beasts
 11149 | Lair:2   | Noticed a black mamba
 11163 | Lair:1   | Killed a black mamba
 11164 | Lair:1   | Reached XP level 11. HP: 80/82 MP: 12/12
 11184 | Lair:2   | Reached ***** piety under Okawaru
 11543 | Lair:2   | Noticed a skyshark
 11567 | Lair:2   | Killed a skyshark
 11969 | Lair:1   | Received a gift from Okawaru
 11970 | Lair:1   | Reached skill level 1 in Dodging
 12216 | Lair:1   | Reached skill level 5 in Fighting
 12650 | Lair:2   | Found a hole to the Spider Nest.
 12650 | Lair:2   | Noticed a wolf spider
 12844 | D:11     | Reached skill level 5 in Armour
 12962 | D:11     | Killed a boulder beetle
 13224 | D:11     | Found a staircase to the Orcish Mines.
 13286 | D:11     | Reached XP level 12. HP: 96/97 MP: 16/18
 14028 | D:12     | Received a gift from Okawaru
 14581 | D:12     | Found a portal to a secret trove of treasure.
 14745 | D:13     | Noticed a centaur warrior
 14761 | D:13     | Killed a centaur warrior
 15030 | D:13     | Noticed a two-headed ogre
 15040 | D:13     | Killed a two-headed ogre
 15121 | D:13     | Noticed a centaur warrior
 15122 | D:13     | Noticed a boulder beetle
 15148 | D:13     | Killed a centaur warrior
 15148 | D:13     | Received a gift from Okawaru
 15176 | D:13     | Killed a boulder beetle
 15203 | D:13     | Noticed a centaur warrior
 15213 | D:13     | Killed a centaur warrior
 15323 | D:13     | Noticed a centaur warrior
 15336 | D:13     | Killed a centaur warrior
 15337 | D:13     | Reached skill level 10 in Fighting
 15378 | D:13     | Noticed a five-headed hydra
 15387 | D:13     | Killed a five-headed hydra
 15553 | D:13     | Noticed an ironbound thunderhulk
 15578 | D:13     | Killed an ironbound thunderhulk
 15665 | D:13     | Received a gift from Okawaru
 15672 | D:13     | Found a gate to the Vaults.
 16124 | D:14     | Noticed a tengu warrior
 16201 | Orc:1    | Entered Level 1 of the Orcish Mines
 16211 | Orc:1    | Noticed an ettin
 16228 | Orc:1    | Demolished by an ettin

Illustrated notes

Levels and vault maps discovered:
D:1:      psy_arrival_radial02, layout_basic
D:2:      layout_rooms, serial_curves, eino_curves_02, eino_curves_04,
          dreamdust_ecumenical_altar_grove
D:3:      kennysheep_goblin_castle, layout_rooms,
          nicolae_yredelemnul_corpse_copse, mainiacjoe_overflow_catwalk
D:4:      layout_gridville, mainiacjoe_overflow_swirl, portal_sewer_entry_c,
          grunt_decor_junction, kennysheep_boxes, uniq_duvessa
D:5:      old_forge, layout_loops_corners, nicolae_houndstooth_variations
D:6:      layout_layer_cave, minmay_crystal_room, uniq_eustachio
D:7:      layout_layer_cave, minmay_temple_entry_junction, uniq_menkaure,
          uniq_joseph
D:8:      layout_loops_ring
D:9:      cheibrodos_barr_body, layout_basic, led_sif_book, lair_entry_dummy,
          hellmonk_ghost_big_iron
D:10:     layout_basic, mainiacjoe_overflow_large_starburst,
          nicolae_ru_sacrificial_ziggurat, serial_shops, shop, shop, shop
D:11:     layout_loops_cross, orc_0_dummy
D:12:     layout_roguey, enter_trove_3
D:13:     layout_loops_ring, hellmonk_vaults_keyhole,
          hangedman_abyss_or_decor_stabs
D:14:     layout_big_octagon, chequers_big_river
Temple:   eino_narrow_crystal_temple
Lair:1:   layout_small_grid
Lair:2:   layout_roguey [special_room_bee], spider_nest_entry_rubble,
          lemuel_altar_in_water2
Orc:1:    layout_caves, basic_altar, enter_volcano_1, nicolae_orc_seminary

Skill      XL: |  1  2  3  4  5  6  7  8  9 10 11 12 |
---------------+-------------------------------------+-----
Maces & Flails | 3 4 5 6 7 9 11 14 16 | 16.0
Invocations    | 2 8 |  8.0
Shields        | 5 11 12 | 12.0
Fighting       | 6 10 | 10.6
Dodging        | 2 4 |  4.8
Armour         | 5 7 |  7.8

Action                     |  1- 3 |  4- 6 |  7- 9 | 10-12 || total
---------------------------+-------+-------+-------+-------++-------
  Melee: Flail             |   138 |   128 |   245 |       ||   511
         Unarmed           |       |     7 |       |       ||     7
         Morningstar       |       |       |   409 |   829 ||  1238
         Whip              |       |       |    20 |       ||    20
  Throw: Stone             |     1 |     2 |     6 |     7 ||    16
         Dart              |       |       |       |     3 ||     3
 Invoke: Renounce Religion |     1 |       |       |       ||     1
         Heroism           |       |       |     1 |     1 ||     2
         Finesse           |       |       |       |     5 ||     5
  Evoke: Wand              |       |       |     5 |     2 ||     7
    Use: Scroll            |    10 |     4 |    12 |    12 ||    38
         Potion            |     1 |       |     4 |     6 ||    11
 Armour: Scale mail        |    65 |       |       |       ||    65
         Pearl dragon scal |    23 |   107 |   418 |   519 ||  1067
         Skin              |       |     2 |    35 |       ||    37
  Dodge: Dodged            |    65 |    59 |   137 |   214 ||   475
  Block: Buckler           |    28 |    21 |    40 |       ||    89
         Kite shield       |       |       |   161 |   426 ||   587

Table legend: (Time is in decaauts)
 A = Elapsed time spent in this place.
 B = Non-inter-level travel time spent in this place.
 C = Inter-level travel time spent in this place.
 D = Time resting spent in this place.
 E = Time spent auto-exploring this place.
 F = Levels seen in this place.
 G = Mean time per level.
                   A        B        C        D        E       F      G
               +--------+--------+--------+--------+--------+-----+--------+
         Total |  16010 |  15280 |    730 |   2211 |   9234 |  18 |  889.4 |
       Dungeon |  14295 |  13651 |    644 |   1846 |   8491 |  14 | 1021.1 |
        Temple |     16 |      2 |     14 |      0 |      0 |   1 |   16.0 |
          Lair |   1677 |   1606 |     71 |    365 |    743 |   2 |  838.5 |
  Orcish Mines |     20 |     20 |      0 |      0 |      0 |   1 |   20.0 |
               +--------+--------+--------+--------+--------+-----+--------+

Top non-repeatable levels by time:
     D:6: 1469 daAuts
     D:5: 1342 daAuts
    D:13: 1302 daAuts
     D:7: 1286 daAuts
     D:3: 1222 daAuts
    D:12: 1158 daAuts
     D:1: 1140 daAuts
  Lair:1: 1112 daAuts
     D:9: 1071 daAuts
     D:4: 1049 daAuts
     D:2: 901 daAuts
    D:11: 842 daAuts
     D:8: 772 daAuts
    D:10: 697 daAuts
  Lair:2: 564 daAuts
